 Seeded DCSS version 0.27-a0-562-g0d39f094a4 (webtiles) character file.

Game seed: 16989952797484863983 (custom seed)

107 karrick the Skirmisher (level 4, -2/37 HPs)
             Began as a Demonspawn Abyssal Knight on Mar 8, 2021.
             Was a Follower of Lugonu.
             Killed from afar by a white imp (13 damage)
             ... with a puff of frost
             ... summoned by Natasha
             ... on level 2 of the Dungeon.
             The game lasted 00:03:30 (2752 turns).

karrick the Skirmisher (Demonspawn Abyssal Knight)  Turns: 2752, Time: 00:03:30

Health: -2/37      AC:  0    Str: 14    XL:     4   Next: 57%
Magic:  6/6        EV: 19    Int: 13    God:    Lugonu [*.....]
Gold:   65         SH:  4    Dex: 17    Spells: 3/3 levels left

rFire    . . .     SeeInvis .   (weapon currently unavailable)
rCold    . . .     Faith    .   (shield currently unavailable)
rNeg     . . .     Spirit   .   (armour currently unavailable)
rPois    .         Reflect  .   (helmet currently unavailable)
rElec    .         Harm     .   (cloak currently unavailable)
rCorr    .         Rampage  .   (gloves currently unavailable)
Will     .....                  (boots currently unavailable)
Stlth    ++........             (no amulet)
HPRegen  0.12/turn              (ring currently unavailable)
MPRegen  0.10/turn              (ring currently unavailable)

@: bat-form, flying, slowed, quick
A: tiny, condensation shield
a: Stop Flying, Renounce Religion, Depart the Abyss


You were on level 2 of the Dungeon.
You worshipped Lugonu.
Lugonu was aware of your devotion.
You were in bat-form.
You visited 1 branch of the dungeon, and saw 2 of its levels.
You visited the Abyss 1 time.

You collected 65 gold pieces.

Inventory:

Hand Weapons
 a - a +1 hand axe (melded)
Armour
 b - a +0 leather armour (melded)
 f - a +0 cloak (melded)
 g - a +1 helmet (melded)
 i - +0 gold dragon scales
Scrolls
 e - 2 scrolls of enchant weapon
 l - a scroll of identify
Potions
 c - a potion of degeneration {unknown}
 d - a potion of brilliance {unknown}
 h - 2 potions of attraction {unknown}
 j - a potion of cancellation {unknown}


   Skills:
 + Level 3.7 Fighting
 + Level 2.6 Axes
 + Level 2.2 Armour
 + Level 1.7 Dodging
 + Level 0.2 Shields
 * Level 3.4 Invocations


You had 3 spell levels left.
You didn't know any spells.
Your spell library was empty.

Dungeon Overview and Level Annotations

Branches:
Dungeon (2/15)

Altars:
Nemelex Xobeh

Annotations:
D:2 Natasha


Innate Abilities, Weirdness & Mutations

((You are partially covered in razor-sharp scales. (AC +1, Slay +1)))
A meltable shield of frost defends you. (SH +4)


Message History

Unknown command.
Natasha stares at you and mumbles some strange words.
You resist with some effort.
The crimson imp blinks!
You hit the crimson imp.
The crimson imp is lightly wounded.
The crimson imp hits you.
Natasha casts a spell.
Unknown command.
You closely miss the crimson imp. The crimson imp misses you.
The white imp completely misses you.
As you read the scroll labelled XANWEU KUEPSIH, it crumbles to dust.
It is a scroll of identify.
e - 2 scrolls of enchant weapon The crimson imp closely misses you.
The crimson imp blinks!
The white imp gestures at you. The puff of frost misses you.
The puff of frost hits the crimson imp!
The crimson imp is frozen!
The crimson imp blinks!
As you read the scroll labelled RUTHAM BAXENK, it crumbles to dust.
The creatures around you are filled with an inner flame!
It was a scroll of immolation.
The white imp hits you. The white imp freezes you. The white imp hits you.
The white imp freezes you.
Unknown command.
Okay, then.
You aren't carrying any items that you can evoke.
The crimson imp completely misses you.
You hit the white imp but do no damage. The crimson imp hits you.
The crimson imp shouts, "Embrace thy failure, thou plume-plucked flap-mouthed jarkman!"
The white imp closely misses you.
Unknown command.
You hit the white imp but do no damage.
The crimson imp disappears in a puff of smoke!
The white imp barely misses you.
Unknown command.
The white imp gestures at you. The puff of frost hits you!
* * * LOW HITPOINT WARNING * * *
Natasha casts a spell.
The white imp gestures at you. The puff of frost hits you!
You die...

(..###..# K#
#........
..###...# .#
#........
####....# #####5#
#........ #.....#
#.5.h5# #........
#.....#
#h########........
##....#
#K#.....##........
##..†#
#5#.###.####'#####
##..# #.#.#
#......##### #..#
#b#.# #####..#...#
...# #...#
#...#.#.# ..$.#
##### #.....#.#
##### #.#####.#
#.#####.#
#.......#
#########


You could see Natasha (inner flame), a crimson imp (summoned), a white imp
(summoned, inner flame) and a kobold (inner flame).

Vanquished Creatures
  Jessica (D:2)
  Robin (D:1)
  2 adders
  3 dart slugs
  2 leopard geckos (D:1)
  A giant cockroach (D:1)
  14 goblins
  6 hobgoblins
  2 jackals (D:1)
  A quokka (D:2)
  2 bats
  2 frilled lizards (D:1)
  2 kobolds
  5 rats (D:1)
44 creatures vanquished.

Notes
Turn   | Place    | Note
-------+----------+-------------------------------------------
     0 | Abyss:1  | karrick the Demonspawn Abyssal Knight began the quest for
                  | the Orb.
     0 | Abyss:1  | Reached XP level 1. HP: 18/18 MP: 2/2
    25 | Abyss:2  | Noticed a thrashing horror
    26 | Abyss:2  | Noticed a thrashing horror
    27 | Abyss:2  | Noticed a thrashing horror
    27 | Abyss:2  | Noticed a thrashing horror
    28 | D:1      | Escaped the Abyss
   582 | D:1      | Gained mutation: A meltable shield of frost defends you.
                  | (SH +4) [demonic ancestry]
   582 | D:1      | Reached XP level 2. HP: 21/24 MP: 4/4
   651 | D:1      | Reached skill level 1 in Dodging
   784 | D:1      | Reached * piety under Lugonu
  1160 | D:1      | Found a sparkling altar of Nemelex Xobeh.
  1480 | D:2      | Noticed Jessica
  1480 | D:2      | Noticed Robin
  1486 | D:1      | Reached XP level 3. HP: 28/29 MP: 5/5
  1506 | D:1      | HP: 1/29 [poisoned by an adder]
  2168 | D:1      | Killed Robin
  2180 | D:2      | Killed Jessica
  2181 | D:2      | Gained mutation: You are partially covered in razor-sharp
                  | scales. (AC +1, Slay +1) [demonic ancestry]
  2181 | D:2      | Reached XP level 4. HP: 35/37 MP: 6/6
  2405 | D:2      | Found a faded altar of an unknown god.
  2734 | D:2      | Noticed Natasha
  2752 | D:2      | Killed from afar by a white imp

Illustrated notes

Levels and vault maps discovered:
D:1:      nzn_arrival_depleted_hourglass, layout_basic, serial_forest,
          infiniplex_forest_straight_2, infiniplex_forest_lined_room_2,
          infiniplex_forest_clump_medium, infiniplex_forest_end_2,
          infiniplex_forest_diagonal, infiniplex_forest_end_double,
          infiniplex_forest_join, infiniplex_forest_corner_2, roderic_lattice_a,
          nemelex_diamond_rough_becter
D:2:      layout_basic, chequers_ecumenical_altar_simple_redux, minivault_19,
          uniq_natasha, uniq_jessica, uniq_robin

Skill      XL: |  1  2  3 |
---------------+----------+-----
Axes           | 2 |  2.6
Dodging        | 1 |  1.7
Armour         | 2 |  2.2
Invocations    | 3 |  3.4
Fighting       | |  3.7
Shields        | |  0.2

Action                   |  1- 3 |  4- 6 || total
-------------------------+-------+-------++-------
Melee: Hand axe          |   103 |    31 ||   134
       Unarmed           |       |     4 ||     4
Invok: Depart the Abyss  |     1 |       ||     1
  Use: Scroll            |       |     2 ||     2
Armor: Leather armour    |    22 |    11 ||    33
Dodge: Dodged            |    71 |    27 ||    98
Block: Other             |    19 |     3 ||    22

Table legend: (Time is in decaauts)
 A = Elapsed time spent in this place.
 B = Non-inter-level travel time spent in this place.
 C = Inter-level travel time spent in this place.
 D = Time resting spent in this place.
 E = Time spent auto-exploring this place.
 F = Levels seen in this place.
 G = Mean time per level.
                   A        B        C        D        E       F      G
               +--------+--------+--------+--------+--------+-----+--------+
         Total |   2786 |   2734 |     52 |    607 |   1765 |   4 |  696.5 |
       Dungeon |   2759 |   2707 |     52 |    607 |   1747 |   2 | 1379.5 |
         Abyss |     27 |     27 |      0 |      0 |     18 |   2 |   13.5 |
               +--------+--------+--------+--------+--------+-----+--------+

Top non-repeatable levels by time:
     D:1: 2158 daAuts
     D:2: 601 daAuts
 Abyss:2: 22 daAuts
 Abyss:1: 5 daAuts
